 Dungeon Crawl Stone Soup version 0.30-a0-234-g97d66968fd (webtiles) character file.

Game seed: 4866000116655152692

987 ICC the Thaumaturge (level 8, 0/36 HPs)
             Began as a Vine Stalker Conjurer on Oct 10, 2022.
             Was an Initiate of Wu Jian.
             Slain by Pikel
             ... wielding a +1 whip of flaming
              (2 damage)
             ... on level 6 of the Dungeon.
             The game lasted 00:10:08 (4369 turns).

ICC the Thaumaturge (Vine Stalker Conjurer)         Turns: 4369, Time: 00:10:09

Health: 0/36       AC:  3    Str: 24    XL:     8   Next: 18%
Magic:  0/21       EV: 11    Int: 18    God:    Wu Jian [......]
Gold:   412        SH:  0    Dex: 14    Spells: 18/23 levels left

rFire   . . .      SeeInvis .    w - +7 quarterstaff "Binokel" {vorpal, rPois rC- rCorr Str+7}
rCold   x . .      Faith    .    (shield currently unavailable)
rNeg    . . .      Spirit   +    h - +0 ring mail
rPois   +          Reflect  .    d - +0 helmet
rElec   .          Harm     .    p - +0 cloak
rCorr   +          Rampage  .    (no gloves)
Will    +....                    (no boots)
Stlth   +.........               D - amulet of regeneration
HPRegen 1.86/turn                r - +6 ring of strength
MPRegen 0.17/turn                (no ring)

@: corroded
A: fangs 3, regeneration 1, magic shield, antimagic bite, no potion heal 2
a: Renounce Religion


You were on level 6 of the Dungeon.
You worshipped Wu Jian.
Wu Jian was noncommittal.
You visited 2 branches of the dungeon, and saw 7 of its levels.

You collected 412 gold pieces.

Inventory:

Hand Weapons
 a - a +0 dagger
 n - a +0 short sword
 w - the +7 quarterstaff "Binokel" (weapon) {vorpal, rPois rC- rCorr Str+7}
   (You found it on level 2 of the Dungeon)

   It inflicts extra damage upon your enemies.
   Str:       It affects your strength (+7).
   rC:        It makes you vulnerable to cold.
   rPois:     It protects you from poison.
   rCorr:     It protects you from acid and corrosion.
Armour
 d - a +0 helmet (worn)
 e - a +0 robe
 h - a +0 ring mail (worn)
 i - a +0 scale mail
 p - a +0 cloak (worn)
Jewellery
 f - a ring of ice
 r - a +6 ring of strength (left hand)
 D - an amulet of regeneration (around neck)
Wands
 j - a wand of roots (7)
 y - a wand of polymorph (2)
Scrolls
 c - a scroll of summoning {unknown}
 g - a scroll of blinking {unknown}
 l - 2 scrolls of teleportation {unknown}
 q - 3 scrolls of immolation {unknown}
 s - a scroll of fear {unknown}
 t - 2 scrolls of enchant armour {unknown}
 u - 3 scrolls of identify {unknown}
 v - a scroll of torment {unknown}
 x - a scroll of noise {unknown}
 B - a scroll of magic mapping {unknown}
 E - a scroll of vulnerability {unknown}
Potions
 b - 3 potions of magic
 k - 2 potions of mutation {unknown}
 m - a potion of heal wounds {unknown}
 o - a potion of curing {unknown}
 z - 2 potions of flight {unknown}
 A - a potion of berserk rage {unknown}
 C - a potion of cancellation {unknown}


   Skills:
 + Level 1.8 Short Blades
 + Level 0.3 Armour
 + Level 1.7 Dodging
 + Level 2.7 Stealth
 - Level 8.0 Spellcasting
 - Level 4.0 Conjurations
 - Level 4.0 Transmutations


You had 18 spell levels left.
You knew the following spells:

 Your Spells              Type           Power      Damage    Failure   Level
a - Magic Dart            Conj           84%        1d7       3%          1
b - Searing Ray           Conj           42%        2d6       4%          2
c - Wereblood             Tmut           21%        N/A       4%          2

Your spell library contained the following spells:

 Spells                   Type           Power      Damage    Failure   Level
 Beastly Appendage        Tmut           42%        N/A       3%          1
 Dazzling Flash           Conj/Hex       28%        N/A       21%         3
 Spider Form              Tmut/Pois      14%        N/A       21%         3
 Scorch                   Fire           14%        2d6       22%         2
 Flame Wave               Conj/Fire      14%        2d6       54%         4
 Fulminant Prism          Conj/Hex       7%         3d7       54%         4
 Iskenderun's Mystic Bla  Conj/Tloc      14%        2d5       54%         4
 Summon Cactus Giant      Summ           3%         N/A       100%        6


Dungeon Overview and Level Annotations

Branches:
Dungeon (6/15) Zot: 26912  Temple (1/1) D:5 Zot: 5854

Altars:
Ashenzari
Cheibriados
Dithmenos
Elyvilon
Fedhas
Hepliaklqana
Kikubaaqudgha
Nemelex Xobeh
Qazlal
Ru
Sif Muna
Trog
Vehumet
Wu Jian
Xom
Yredelemnul
Zin
The Shining One

Shops:
D:4 [

Annotations:
D:6 Pikel


Innate Abilities, Weirdness & Mutations

You have razor-sharp teeth.
Your natural rate of healing is unusually fast.
When hurt, damage is shared between your health and your magic reserves.
Your bite disrupts and absorbs the magic of your enemies.
Potions cannot restore your health.


Message History

You bludgeon the lemure!!
You kill the lemure!
That felt strangely unrewarding.
No target in view!
Pikel, Merchant of Souls comes into view.
He is wielding a +1 whip of flaming, wearing a +1 robe of cold resistance and carrying a wand of acid (8).
Pikel shouts!
You hear a shout! x2
Pikel zaps a wand.
The bolt of acid hits you. You resist.
You hear a shout!
Pikel drinks a potion.
Pikel seems to speed up. 2 lemures come into view.
Pikel hits you with a +1 whip of flaming.
Pikel burns you.
A lemure comes into view.
Pikel zaps a wand.
The bolt of acid hits you! You resist.
You hit Pikel.
Pikel is lightly wounded.
Pikel hits you with a +1 whip of flaming!
Pikel burns you.
Pikel zaps a wand.
The bolt of acid hits you! You resist.
You are too injured to fight recklessly!
You closely miss Pikel. You bite Pikel, but do no damage.
Pikel is lightly wounded.
Pikel zaps a wand.
The bolt of acid hits you! You resist. The acid corrodes you!
Pikel zaps a wand.
The bolt of acid hits you! You resist.
Okay, then.
Okay, then.
You closely miss Pikel. You bite Pikel, but do no damage.
Pikel is lightly wounded.
Pikel hits you with a +1 whip of flaming.
Pikel burns you.
Pikel hits you with a +1 whip of flaming!
* * * LOW HITPOINT WARNING * * *
Pikel burns you.
* * * LOW HITPOINT WARNING * * *
You barely miss Pikel. You bite Pikel, but do no damage.
Pikel is lightly wounded.
Pikel hits you with a +1 whip of flaming!
* * * LOW HITPOINT WARNING * * *
Pikel burns you.
You die...

### #####.###.# #..
...##.#..[. #.#
##.##.#.#.#
#.###...#.....##
#........⌠.⌠#..#
#..##....._..#.#
#..###.##⌠.⌠##.# #@.#
#.##...##.# ...555K..#
#.##.#.##.#
....###.####....#..#.###
## #[. .#..###.#<....
#....[.......#.###
#....#>.....##.###
#.#.###.####...... ..#.#
#.####.#.### #
#..)..)..###


You could see Pikel (fast) and 3 lemures.

Vanquished Creatures
  A black bear (D:5)
  The ghost of dupek999 the Chopper, an amateur HuRe (D:3)
  A lemure (D:6)
  A bullfrog (D:6)
  A necrophage (D:4)
  4 wights (D:6)
  A howler monkey (D:5)
  3 hounds (D:5)
  An orc priest (D:4)
  Crazy Yiuf (D:2)
  2 iguanas (D:5)
  A scorpion zombie (D:4)
  A hound zombie (D:4)
  4 gnolls (D:5)
  6 adders
  A white imp (D:5)
  2 adder zombies (D:4)
  A worm (D:3)
  3 dart slugs
  5 orcs (D:4)
  8 bats
  5 endoplasms
  3 giant cockroaches (D:1)
  4 hobgoblins
  5 jackals
  4 quokkas
  3 ball pythons
  3 frilled lizards
  8 goblins
  5 kobolds
  8 rats
97 creatures vanquished.

Notes
Turn   | Place    | Note
-------+----------+-------------------------------------------
     0 | D:1      | ICC the Vine Stalker Conjurer began the quest for the Orb.
     0 | D:1      | Reached XP level 1. HP: 9/9 MP: 4/4
    85 | D:1      | Reached XP level 2. HP: 13/13 MP: 0/6
   219 | D:1      | Learned a level 2 spell: Searing Ray
   242 | D:1      | Found a faded altar of an unknown god.
   251 | D:1      | Reached skill level 1 in Short Blades
   303 | D:1      | Reached skill level 3 in Spellcasting
   365 | D:1      | Reached XP level 3. HP: 15/16 MP: 3/8
   371 | D:1      | Learned a level 2 spell: Wereblood
  1015 | D:2      | Gained mutation: Your natural rate of healing is unusually
                  | fast. [Vine Stalker growth]
  1015 | D:2      | Reached XP level 4. HP: 21/21 MP: 0/10
  1034 | D:2      | Identified the +7 quarterstaff "Binokel" {vorpal, rPois rC-
                  | rCorr Str+7}
  1079 | D:2      | Reached skill level 1 in Transmutations
  1165 | D:2      | Found a runed translucent door.
  1166 | D:2      | Noticed Crazy Yiuf
  1171 | D:2      | Killed Crazy Yiuf
  1172 | D:2      | Reached skill level 4 in Spellcasting
  1912 | D:3      | Reached XP level 5. HP: 24/24 MP: 12/12
  1929 | D:3      | Found a runed translucent gate.
  1929 | D:3      | Found a runed translucent gate.
  1929 | D:3      | Found a runed translucent gate.
  1932 | D:3      | Noticed dupek999's ghost (amateur HuRe)
  1940 | D:3      | Killed dupek999's ghost
  1974 | D:3      | Found a shadowy altar of Dithmenos.
  2541 | D:4      | Reached skill level 5 in Spellcasting
  2541 | D:4      | Reached XP level 6. HP: 28/28 MP: 12/14
  2568 | D:4      | Found a sacrificial altar of Ru.
  2748 | D:4      | Found Elaary's Armour Shop.
  2774 | D:4      | Found a shimmering altar of Xom.
  2837 | D:4      | Found a basalt altar of Yredelemnul.
  2942 | D:4      | Found a glowing golden altar of the Shining One.
  3236 | D:5      | Entered Level 5 of the Dungeon
  3278 | D:5      | Reached skill level 6 in Spellcasting
  3278 | D:5      | Reached XP level 7. HP: 19/32 MP: 8/17
  3643 | D:5      | Found a staircase to the Ecumenical Temple.
  3652 | Temple   | Entered the Ecumenical Temple
  3768 | Temple   | Became a worshipper of the Wu Jian Council
  4212 | D:5      | Reached skill level 7 in Spellcasting
  4327 | D:6      | Gained mutation: You have razor-sharp teeth. [Vine Stalker
                  | growth]
  4327 | D:6      | Reached XP level 8. HP: 31/36 MP: 13/20
  4334 | D:6      | Found a sparkling altar of Nemelex Xobeh.
  4340 | D:6      | Reached skill level 8 in Spellcasting
  4362 | D:6      | Noticed Pikel
  4369 | D:6      | Slain by Pikel

Illustrated notes

Levels and vault maps discovered:
D:1:      lemuel_arrival_broad_hall, layout_basic,
          chequers_ecumenical_altar_island
D:2:      minmay_recursive_quarters, layout_basic, uniq_crazy_yiuf_cottage
D:3:      minmay_door_path, layout_basic, grunt_dithmenos_smoke_and_mirrors,
          ebering_ghost_rock_garden, chequers_avenue
D:4:      layout_loops_ring, nicolae_yredelemnul_corpse_copse, kennysheep_mini,
          hangedman_ru_absence, kennysheep_little_box, serial_shops,
          nicolae_shop_advertising_works [nicolae_subvault_shop_adworks],
          patterned_corridor
D:5:      layout_basic, minmay_temple_entry_mini_moons,
          kennysheep_generic_room_4
D:6:      layout_loops_ring, mainiacjoe_overflow_alcove_4,
          nemelex_xobeh_ov_fountains_minmay, uniq_pikel
Temple:   nicolae_temple_godzebo

Skill      XL: |  1  2  3  4  5  6  7  8 |
---------------+-------------------------+-----
Short Blades   | 1 |  1.8
Spellcasting   | 3 4 5 6 7 8 |  8.0
Transmutations | 1 2 3 4 |  4.0
Armour         | |  0.3
Dodging        | |  1.7
Stealth        | |  2.7
Conjurations   | |  4.0

Action                   |  1- 3 |  4- 6 |  7- 9 || total
-------------------------+-------+-------+-------++-------
Melee: Dagger            |    37 |       |       ||    37
       Unarmed           |     3 |       |       ||     3
       Bite              |     9 |    19 |    15 ||    43
       Punch             |     2 |       |       ||     2
       Short sword       |    12 |     9 |       ||    21
       Quarterstaff      |       |    85 |    45 ||   130
 Cast: Magic Dart        |    36 |       |       ||    36
       Searing Ray       |     2 |       |       ||     2
       Wereblood         |       |       |     2 ||     2
Invok: Lunge             |       |       |     1 ||     1
 Stab: Sleeping          |     4 |     3 |     1 ||     8
       Distracted        |       |     1 |       ||     1
Armor: Robe              |     3 |       |       ||     3
       Ring mail         |    23 |    30 |    18 ||    71
Dodge: Dodged            |    39 |    66 |    24 ||   129

Table legend: (Time is in decaauts)
 A = Elapsed time spent in this place.
 B = Non-inter-level travel time spent in this place.
 C = Inter-level travel time spent in this place.
 D = Time resting spent in this place.
 E = Time spent auto-exploring this place.
 F = Levels seen in this place.
 G = Mean time per level.
                   A        B        C        D        E       F      G
               +--------+--------+--------+--------+--------+-----+--------+
         Total |   4405 |   4206 |    199 |      3 |   3432 |   7 |  629.3 |
       Dungeon |   4259 |   4102 |    157 |      3 |   3338 |   6 |  709.8 |
        Temple |    145 |    103 |     42 |      0 |     94 |   1 |  145.0 |
               +--------+--------+--------+--------+--------+-----+--------+

Top non-repeatable levels by time:
     D:2: 1192 daAuts
     D:5: 918 daAuts
     D:4: 782 daAuts
     D:3: 708 daAuts
     D:1: 571 daAuts
  Temple: 145 daAuts
     D:6: 86 daAuts
